cohdb
Replays
Latest Replays
All Replays
Popular Replays
Top Player Replays
Match Explorer
How It Works
Community
CoH3 Stats
Reddit
Sign in to upload your games and track your stats! →
Sign in with Steam
Match 42588661
Unlisted
Match 42588661
Overview
Messages
Build Orders
End
Selects Airborne Battlegroup
Selects Heavy Machine Gun Paradrop
Heavy Machine Gun Paradrop
Engineer Squad
Construct Weapon Support Center
Heavy Machine Gun Paradrop
Bazooka Squad
Selects Paratrooper Squad Paradrop
Paratrooper Squad Paradrop
Infantry Support Center
Construct Medical Station
M3 Armored Personnel Carrier
Bazooka Squad
Improved M9 Bazooka Rockets
Paratrooper Squad Paradrop
.30 cal Machine Gun
Mortar Pit
Construct Tank Depot
Selects Recon Loiter
Selects Supply Drop
Mortar Pit
Abuse Busted Allies
DrinkIIScotch
Thomas
Wednesday
Phan
panther
Dark Angels
Tirant
0
0
Comments
sign in to comment!
No comments posted yet!